 Dungeon Crawl Stone Soup version 0.23-a0-577-g2b1de94 (webtiles) character file.

3078 JeffiDaFish the Scholar of Death (level 9, -2/46 HPs)
             Began as a Deep Elf Necromancer on Dec 14, 2018.
             Was a Follower of Kikubaaqudgha.
             Slain by an orc warrior
             ... wielding a +0 glaive
              (10 damage)
             ... on level 9 of the Dungeon on Dec 15, 2018.
             The game lasted 00:24:25 (9537 turns).

JeffiDaFish the Scholar of Death (DENe)             Turns: 9537, Time: 00:24:26

Health: -2/46      AC:  4    Str:  6    XL:     9   Next: 58%
Magic:  16/24      EV: 17    Int: 27    God:    Kikubaaqudgha [*.....]
Gold:   452        SH:  3    Dex: 15    Spells: 12/26 levels left

rFire    . . .     SeeInvis .   t - +5 short sword (freeze)
rCold    + . .     Gourm    .   (no shield)
rNeg     . . .     Faith    .   a - +1 robe
rPois    .         Spirit   .   (no helmet)
rElec    .         Reflect  +   j - scarf {cloud immunity}
rCorr    .         Harm     .   (no gloves)
MR       .....                  k - +0 pair of boots
Stlth    ++........             q - +3 amulet of reflection
HPRegen  0.15/turn              g - ring of protection from cold
MPRegen  0.19/turn              l - +4 ring of intelligence

@: no status effects
A: no striking features
a: Receive Corpses, Renounce Religion


You were on level 9 of the Dungeon.
You worshipped Kikubaaqudgha.
Kikubaaqudgha was aware of your devotion.
You were not hungry.

You visited 1 branch of the dungeon, and saw 9 of its levels.
You also visited: Sewer.

You collected 452 gold pieces.

Inventory:

Hand Weapons
 e - a +2 dagger of electrocution
 t - a +5 short sword of freezing (weapon)
Armour
 a - a +1 robe (worn)
 j - a scarf of cloud immunity (worn)
 k - a +0 pair of boots (worn)
Jewellery
 g - a ring of protection from cold (left hand)
 l - a +4 ring of intelligence (right hand)
 q - a +3 amulet of reflection (around neck)
Wands
 b - a wand of flame (8)
Scrolls
 f - 8 scrolls of identify
 h - 6 scrolls of remove curse
 m - a scroll of amnesia
 o - a scroll of teleportation
 r - 3 scrolls of fog
Potions
 d - 3 potions of flight
 i - 3 potions of heal wounds
 n - a potion of haste
 p - a potion of might
 s - 2 potions of cancellation {unknown}
Comestibles
 c - 13 rations
 u - 6 chunks of flesh


   Skills:
 + Level 0.5 Fighting
 + Level 0.6 Short Blades
 - Level 8.2 Dodging
 - Level 3.4 Stealth
 + Level 9.1 Spellcasting
 * Level 12.0 Necromancy


You had 12 spell levels left.
You knew the following spells:

 Your Spells              Type           Power        Failure   Level  Hunger
a - Pain                  Necr           ####         1%          1    None
b - Vampiric Draining     Necr           ######....   1%          3    None
c - Regeneration          Chrm/Necr      #####.....   1%          3    None
d - Animate Dead          Necr           N/A          1%          4    #......
e - Mephitic Cloud        Conj/Pois/Air  ##......     14%         3    None

Your spell library contained the following spells:

 Spells                   Type           Power        Failure   Level  Hunger
 Animate Skeleton         Necr           N/A          1%          1    None
 Sublimation of Blood     Necr           ######....   1%          2    None
 Sting                    Conj/Pois      ##..         4%          1    None
 Summon Small Mammal      Summ           ##..         4%          1    None
 Call Imp                 Summ           ##......     7%          2    None
 Poisonous Vapours        Pois/Air       ##....       7%          2    None
 Call Canine Familiar     Summ           ##......     14%         3    None
 Summon Guardian Golem    Hex/Summ       ##......     14%         3    None
 Olgreb's Toxic Radiance  Pois           ##......     43%         4    #......
 Summon Ice Beast         Ice/Summ       ##......     43%         4    #......
 Summon Lightning Spire   Summ/Air       ##......     43%         4    #......
 Venom Bolt               Conj/Pois      ##........   78%         5    ####...


Dungeon Overview and Level Annotations

Branches:
Dungeon (9/15)             Temple (0/1) D:7
   Lair: D:8-11         Orc: D:9-12

Altars:
Cheibriados
Kikubaaqudgha
Nemelex Xobeh
Okawaru
Ru
Sif Muna
Trog


Message History

Aiming: Pain (safe; 1% risk of failure)
Press: ? - help, Shift-Dir - straight line, f/p - orc warrior
Aim: an orc warrior, wielding a +0 glaive and wearing a +0 chain mail (lightly The orc warrior writhes in agony!
Casting: Pain (safe; 1% risk of failure)
Confirm with . or Enter, or press ? or * to list all spells.
Aiming: Pain (safe; 1% risk of failure)
Press: ? - help, Shift-Dir - straight line, f/p - orc warrior
Aim: an orc warrior, wielding a +0 glaive and wearing a +0 chain mail The orc warrior barely resists.
The orc warrior hits you from afar with a +0 glaive!!
Ouch! That really hurt!
* * * LOW HITPOINT WARNING * * *
Things that are here:
a +0 trident; an orc skeleton
There is a stone staircase leading up here.
You see here a +0 club.
The orc warrior hits you from afar with a +0 glaive!
You die...
Kikubaaqudgha rasps: "You have failed me!
Welcome... death!"

### ..# #.#
..# #.# #.#
###.# #...#
##@## #).#
##o# #o#
..........#
......(...#
..........#
..........#
..........#


You could see an orc warrior and an orc.

Vanquished Creatures
  A hippogriff (D:8)
  Grum (D:8)
  Duvessa (D:6)
  2 orc warriors
  A sky beast (D:7)
  2 ogres
  A necrophage (D:6)
  A phantom (D:4)
  2 wolves
  A centaur (D:7)
  3 bullfrogs
  Dowan (D:6)
  5 scorpions
  3 wights (D:8)
  3 howler monkeys
  5 crimson imps
  A centaur zombie (D:7)
  4 hounds
  5 orc wizards
  A centaur skeleton (D:6)
  5 orc priests
  2 iguanas
  2 worker ants
  A hound skeleton (D:5)
  9 adders
  4 river rats (Sewer)
  3 shadow imps
  An ooze (D:3)
  An adder zombie (D:5)
  An adder skeleton (D:5)
  6 worms
  3 dart slugs
  3 leopard geckos
  38 orcs
  6 ball pythons (Sewer)
  7 giant cockroaches
  10 goblins
  13 hobgoblins
  7 kobolds
  3 quokkas
  8 bats
  5 frilled lizards
  A quokka skeleton (D:4)
  18 rats
201 creatures vanquished.

Vanquished Creatures (others)
  5 toadstools (D:1)
5 creatures vanquished.

Grand Total: 206 creatures vanquished

Notes
Turn   | Place    | Note
-------+----------+-------------------------------------------
     0 | D:1      | JeffiDaFish the Deep Elf Necromancer began the quest for
                  | the Orb.
     0 | D:1      | Reached XP level 1. HP: 10/10 MP: 6/6
    74 | D:1      | Reached skill level 5 in Necromancy
   154 | D:1      | Reached XP level 2. HP: 5/15 MP: 5/8
  1007 | D:2      | Reached XP level 3. HP: 7/19 MP: 5/10
  1021 | D:2      | Learned a level 3 spell: Vampiric Draining
  1378 | D:2      | Reached XP level 4. HP: 17/24 MP: 1/11
  1688 | D:2      | Found an ancient bone altar of Kikubaaqudgha.
  2290 | D:3      | Learned a level 3 spell: Regeneration
  2306 | D:3      | Reached skill level 6 in Necromancy
  2306 | D:3      | Reached XP level 5. HP: 22/28 MP: 13/13
  2726 | D:3      | Found a sparkling altar of Nemelex Xobeh.
  2810 | D:3      | Reached XP level 6. HP: 13/32 MP: 2/15
  3128 | D:3      | Found a faded altar of an unknown god.
  3300 | D:4      | Reached skill level 7 in Necromancy
  3359 | D:4      | Reached skill level 5 in Spellcasting
  3706 | D:4      | Found a glowing drain.
  3717 | Sewer    | Entered a sewer
  4219 | D:5      | Entered Level 5 of the Dungeon
  4313 | D:5      | Reached XP level 7. HP: 36/36 MP: 17/17
  4428 | D:5      | Reached skill level 5 in Dodging
  4428 | D:5      | Reached skill level 8 in Necromancy
  5686 | D:6      | You fall through a shaft!
  5696 | D:7      | Reached skill level 9 in Necromancy
  5732 | D:7      | Reached XP level 8. HP: 32/41 MP: 4/20
  6236 | D:2      | Became a worshipper of Kikubaaqudgha
  6515 | D:6      | Found a sacrificial altar of Ru.
  6555 | D:6      | Reached skill level 10 in Necromancy
  6600 | D:6      | Noticed Duvessa
  6626 | D:6      | Killed Duvessa
  6926 | D:6      | Found an iron altar of Okawaru.
  6947 | D:6      | Noticed Dowan
  6960 | D:6      | Killed Dowan
  7363 | D:7      | Found a staircase to the Ecumenical Temple.
  7535 | D:7      | Found a deep blue altar of Sif Muna.
  7830 | D:7      | Found a snail-covered altar of Cheibriados.
  8198 | D:8      | Reached XP level 9. HP: 16/45 MP: 12/23
  8203 | D:8      | Found a bloodstained altar of Trog.
  8204 | D:8      | Noticed a moth of wrath
  8375 | D:8      | Reached skill level 11 in Necromancy
  8420 | D:8      | Learned a level 4 spell: Animate Dead
  8699 | D:8      | Noticed Grum
  9062 | D:8      | Killed Grum
  9062 | D:8      | Reached * piety under Kikubaaqudgha
  9062 | D:8      | Identified Kikubaaqudgha's Compendium of Stolen Souls
                  | (Kikubaaqudgha gifted it to you on level 8 of the Dungeon)
  9062 | D:8      | Received a gift from Kikubaaqudgha
  9200 | D:8      | Learned a level 3 spell: Mephitic Cloud
  9520 | D:9      | Reached skill level 12 in Necromancy
  9537 | D:9      | Slain by an orc warrior

Vault maps used:
D:1:      ldierk_walled_garden, lemuel_flame_loot_1
D:2:      nicolae_overflow_hidden_temple
D:3:      nemelex_xobeh_ov_fountains_minmay, serial_bayou, serial_bayou_pond_b,
          serial_bayou_pond_b, serial_bayou_pond_e, serial_bayou_lake_a,
          chequers_ecumenical_altar_grove
D:4:      portal_sewer_entry_f
D:5:      first_ration
D:6:      lemuel_doored_altar, kennysheep_okawaru_gauntlet,
          kennysheep_generic_room_9, uniq_duvessa
D:7:      kennysheep_mini, cheibriados_altar_1, temple_pool_b
D:8:      tgw_trog, grunt_ogre_cave, uniq_grum
D:9:      good_gods_mini_temple, vehumet_crystals, lair_entry_dummy
Sewer:    sewer_co_cracked_pipes

Skill      XL: |  1  2  3  4  5  6  7  8  9 |
---------------+----------------------------+-----
Necromancy     | 5 6 7 9 10 12 | 12.0
Stealth        | 3 |  3.4
Dodging        | 3 4 6 7 8 |  8.2
Spellcasting   | 4 5 6 8 9 |  9.1
Fighting       | |  0.5
Short Blades   | |  0.6

Action                   |  1- 3 |  4- 6 |  7- 9 || total
-------------------------+-------+-------+-------++-------
Melee: Dagger            |    11 |   166 |    97 ||   274
       Short sword       |       |       |    96 ||    96
 Cast: Pain              |    50 |    53 |   120 ||   223
       Vampiric Draining |       |    10 |    50 ||    60
       Regeneration      |       |     3 |    11 ||    14
       Animate Dead      |       |       |     3 ||     3
Evoke: Wand              |       |       |     5 ||     5
  Use: Scroll            |     5 |     3 |     6 ||    14
       Potion            |     3 |     4 |     1 ||     8
 Stab: Sleeping          |     1 |     8 |     5 ||    14
       Distracted        |       |       |     1 ||     1
  Eat: Chunk             |     1 |    10 |    11 ||    22
       Ration            |       |       |     2 ||     2
Armor: Robe              |     2 |    28 |    34 ||    64
Dodge: Dodged            |    12 |   121 |   203 ||   336
Block: Other             |       |     2 |    33 ||    35

Table legend:
 A = Non-vault XP
 B = Vault XP
 C = Vault XP percentage of total XP
 D = Non-vault monster count
 E = Vault monster count
 F = Vault count percentage of total count
                 A         B        C        D         E       F
            +---------+---------+-------+---------+---------+-------
      Total |    3504 |     894 |  20.3 |     155 |      46 |  22.9
            +---------+---------+-------+---------+---------+-------
        D:1 |      27 |       0 |   0.0 |      16 |       0 |   0.0
        D:2 |     113 |       0 |   0.0 |      28 |       0 |   0.0
        D:3 |     220 |      37 |  14.4 |      23 |       9 |  28.1
        D:4 |     241 |       6 |   2.4 |      11 |       3 |  21.4
        D:5 |     376 |       0 |   0.0 |      19 |       0 |   0.0
        D:6 |     814 |     224 |  21.6 |      18 |       4 |  18.2
        D:7 |     582 |     116 |  16.6 |      12 |       1 |   7.7
        D:8 |    1054 |     437 |  29.3 |      25 |       8 |  24.2
        D:9 |      77 |       0 |   0.0 |       3 |       0 |   0.0
      Sewer |       0 |      74 | 100.0 |       0 |      21 | 100.0
            +---------+---------+-------+---------+---------+-------
